 Dungeon Crawl Stone Soup version 0.15.0-13-gb296d5c (console) character file.

186 gw the Chucker (level 5, 0/55 HPs)
             Began as an Ogre Hunter on Sept 3, 2014.
             Was a Follower of Trog.
             Slain by Pikel
             ... wielding a +0 whip of freezing
              (1 damage)
             ... on Level 3 of the Dungeon.
             The game lasted 00:01:02 (2739 turns).

gw the Chucker (Ogre Hunter)                        Turns: 2739, Time: 00:01:02

HP   0/55        AC  5     Str 17      XL: 5   Next: 66%
MP   5/5         EV 10     Int 10      God: Trog [*.....]
Gold 0           SH  0     Dex 11      Spells:  0 memorised,  4 levels left

rFire  . . .     SeeInvis .     a - +3 club
rCold  . . .     Clarity  .     m - +0 robe (curse)
rNeg   . . .     rCorr    .     (shield restricted)
rPois  .         rRot     .     (helmet restricted)
rElec  .         Spirit   .     i - +1 cloak
SustAb .         Warding  .     (gloves unavailable)
rMut   .         Stasis   .     (boots unavailable)
Gourm  .                        (no amulet)
MR     .....                    (no ring)
                                (no ring)

@: not resistant to hostile enchantments, very unstealthy
A: unfitting armour, tough skin 1
a: Burn Spellbooks, Berserk, Renounce Religion


You were on level 3 of the Dungeon.
You worshipped Trog.
Trog was aware of your devotion.
You were hungry.

You visited 1 branch of the dungeon, and saw 4 of its levels.

Inventory:

Hand weapons
 a - a +3 club (weapon)
Missiles
 c - 2 throwing nets
 k - 114 stones
 l - 7 javelins
 p - 5 large rocks (quivered)
Armour
 i - a +1 cloak (worn)
 m - a cursed +0 robe (worn)
Comestibles
 f - 2 meat rations
 j - 3 bread rations
Scrolls
 e - a scroll of noise
 g - a scroll of remove curse
 q - a scroll of identify
Potions
 d - a potion of restore abilities
 n - a potion of haste


   Skills:
 + Level 4.4 Fighting
 + Level 3.3 Maces & Flails
 + Level 5.2 Throwing
 + Level 3.1 Dodging
 - Level 0.7 Stealth


You had 4 spell levels left.
You didn't know any spells.

Dungeon Overview and Level Annotations

Branches:
Dungeon (4/15)
 Temple: D:4-7

Altars:
Dithmenos
Qazlal
Sif Muna
Trog
The Shining One

Annotations:
D:3 Pikel


Innate Abilities, Weirdness & Mutations

You are too large for most types of armour.
You have tough skin (AC +1).


Message History

MOVING TO (-4,-2) MOVING TO (-3,-2) MOVING TO (-2,-1) MOVING TO (-1,-1) Pikel says, "You'll fetch a fair price!"
FLEEEEING!
MOVING TO (1,8) Pikel hits you with a whip of freezing!
Pikel freezes you. The slave hits you.
MOVING TO (1,7)
The slave hits you.
MOVING TO (1,6) MOVING TO (1,5) Pikel hits you with a whip of freezing.
Pikel freezes you.
MOVING TO (1,4) MOVING TO (1,3) MOVING TO (1,2) MOVING TO (1,1) MOVING TO (7,-3) Pikel hits you with a whip of freezing.
Pikel freezes you.
You die...

#.$.....###..#.##...
#......)##...#.###..
#..$.......#...#....
#......>.##......###
#.......###......#}#
#................###
#.......#######.....
#pK.....# #.....
#..O....# ######
#.......# #########


You could see Pikel and a slave.

Table legend:
 A = Turns spent in this place as a percentage of turns spent in the entire game.
 B = Non-inter-level travel turns spent in this place as a percentage of non-inter-level travel turns spent in the entire game.
 C = Inter-level travel turns spent in this place as a percentage of turns spent in this place.
 D = Turns resting spent in this place as a percentage of non-inter-level travel turns spent in this place.
 E = Turns spent auto-exploring this place as a percentage of non-inter-level travel turns spent in this place.
 F = Non-inter-level travel turns spent in this place divided by the number of levels of this place that you've seen.
                   A       B       C       D       E      F
               +-------+-------+-------+-------+-------+----------------------
         Total | 100.0 | 100.0 |   0.7 |   5.5 |  22.4 | 132.8
       Dungeon | 100.0 | 100.0 |   0.7 |   5.5 |  22.4 | 132.8
               +-------+-------+-------+-------+-------+----------------------

Table legend:
 A = Kills in this place as a percentage of kills in entire the game.
 B = Kills by you in this place as a percentage of kills by you in the entire game.
 C = Kills by friends in this place as a percentage of kills by friends in the entire game.
 D = Other kills in this place as a percentage of other kills in the entire game.
 E = Experience gained in this place as a percentage of experience gained in the entire game.
 F = Experience gained in this place divided by the number of levels of this place that you have seen.
                   A       B       C       D       E      F
               +-------+-------+-------+-------+-------+----------------------
         Total | 100.0 | 100.0 |  -nan |  -nan | 100.0 |  66.8
       Dungeon | 100.0 | 100.0 |  -nan |  -nan | 100.0 |  66.8
               +-------+-------+-------+-------+-------+----------------------

Vanquished Creatures
  The ghost of gw the Chucker, an average OgHu (D:3)
  An adder (D:3)
  A giant mite (D:3)
  3 worms
  4 giant geckos
  An ooze (D:3)
  An orc (D:3)
  2 giant cockroaches
  6 hobgoblins
  2 jackals (D:3)
  7 kobolds
  2 ball pythons (D:1)
  7 bats
  4 giant newts
  3 goblins
  2 quokkas
  5 rats
52 creatures vanquished.

Notes
Turn   | Place    | Note
--------------------------------------------------------------
     0 | D:1      | gw, the Ogre Hunter, began the quest for the Orb.
     0 | D:1      | Reached XP level 1. HP: 22/22 MP: 1/1
   199 | D:1      | Reached XP level 2. HP: 14/31 MP: 2/2
   902 | D:2      | Reached XP level 3. HP: 35/37 MP: 3/3
   981 | D:2      | Found a bloodstained altar of Trog.
   986 | D:2      | Became a worshipper of Trog the Wrathful
  1863 | D:3      | Reached XP level 4. HP: 45/48 MP: 4/4
  1866 | D:3      | Acquired Trog's first power
  2095 | D:3      | Noticed gw's ghost (average OgHu)
  2125 | D:3      | Found a glowing golden altar of the Shining One.
  2139 | D:3      | Found a deep blue altar of Sif Muna.
  2151 | D:3      | Killed gw's ghost
  2151 | D:3      | Reached skill level 5 in Throwing
  2151 | D:3      | Reached XP level 5. HP: 22/55 MP: 5/5
  2357 | D:3      | Found a shadowy altar of Dithmenos.
  2641 | D:3      | Found a stormy altar of Qazlal.
  2714 | D:4      | Noticed Pikel
  2714 | D:4      | Noticed a slave
  2714 | D:4      | Noticed a slave
  2714 | D:4      | Noticed a slave
  2719 | D:4      | Noticed a slave
  2734 | D:3      | HP: 2/55 [Pikel/whip of freezing (1)]
  2739 | D:3      | HP: 1/55 [Pikel/whip of freezing (2)]
  2739 | D:3      | Slain by Pikel

Action                   |  1- 3 |  4- 6 || total
-------------------------+-------+-------++-------
Melee: Club              |    48 |    26 ||    74
Throw: Large rock        |    48 |    21 ||    69
       Javelin           |       |    11 ||    11
       Stone             |       |     4 ||     4
Invok: Berserk           |       |     1 ||     1
  Use: Scroll            |     5 |     1 ||     6
       Potion            |     2 |     2 ||     4
  Eat: Chunk             |     3 |     3 ||     6

Vault maps used:
D:1:      dpeg_arrival_tiny_j
D:2:      lightli_temple_of_fire
D:3:      minmay_overflow_temple_star_quad, nicolae_overflow_hidden_temple,
          feat_on_display
D:4:      first_bread, minmay_goblin_outpost, uniq_grinder, uniq_pikel
